 Dungeon Crawl Stone Soup version 0.31-a0-145-g046c7d2549 (webtiles) character file.

Game seed: 12464074921428597530

464 qw the Skirmisher (level 6, -3/52 HPs)
             Began as a Minotaur Hunter on June 7, 2023.
             Slain by Edmund
             ... wielding a +4 flail of protection
              (8 damage)
             ... on level 4 of the Dungeon.
             The game lasted 00:01:18 (3417 turns).

qw the Skirmisher (Minotaur Hunter)                 Turns: 3417, Time: 00:01:18

Health: -3/52      AC:  6    Str: 15    XL:     6   Next: 80%
Magic:  5/5        EV: 11    Int:  6    God:
Gold:   110        SH:  0    Dex: 16    Spells: 5/5 levels left

rFire   . . .        Y - +0 shortbow
rCold   . . .        (shield currently unavailable)
rNeg    . . .        a - +0 ring mail
rPois   .            (helmet restricted)
rElec   .            (no cloak)
rCorr   .            h - +0 pair of gloves
SInv    .            (no boots)
Will    .....        (no amulet)
Stlth   +            (no ring)
HPRegen 0.28/turn    (no ring)
MPRegen 0.09/turn

%: no passive effects
@: about to teleport
A: horns 2, retaliatory headbutt
a: no special abilities


You were on level 4 of the Dungeon.
You visited 1 branch of the dungeon, and saw 4 of its levels.

You collected 110 gold pieces.


Innate Abilities, Weirdness & Mutations

You have a pair of horns on your head.
You reflexively headbutt those who attack you in melee.


   Skills:
 + Level 4.1 Fighting
 - Level 8.3 Ranged Weapons
 - Level 1.1 Armour
 - Level 2.1 Dodging
 - Level 0.7 Stealth


You had 5 spell levels left.
You didn't know any spells.
Your spell library was empty.

Inventory:

Hand Weapons
 Y - a +0 shortbow (weapon)
Armour
 a - a +0 ring mail (worn)
 h - a +0 pair of gloves (worn)
Scrolls
 b - 4 scrolls of teleportation
 d - a scroll of identify
Potions
 c - a potion of degeneration {unknown}
 e - a potion of curing {unknown}
 f - a potion of brilliance {unknown}

Dungeon Overview and Level Annotations

Branches:
Dungeon (4/15)
 Temple: D:4-7

Altars:
Ru
Sif Muna
Zin

Shops:
D:2 (   D:4 =

Annotations:
D:4 Edmund


Message History

The water moccasin is almost dead.
Your surroundings suddenly seem different.
An endoplasm and a kobold come into view.
Found a stone staircase leading up.
You feel sick.
The kobold shouts!
The endoplasm quivers.
You hear a shout!
Edmund the Younger comes into view.
He is wielding a +4 flail of protection and carrying a wand of flame (20).
The kobold hits you but does no damage.
Autopickup is now on.
Enter note: You shoot an arrow.
The arrow hits the kobold.
You kill the kobold!
You feel sick.
You shoot an arrow. The arrow hits the endoplasm.
The endoplasm is lightly wounded.
You feel sick.
You shoot an arrow. The arrow hits the endoplasm.
You kill the endoplasm!
You feel sick.
You shoot an arrow. The arrow hits Edmund.
Edmund is lightly wounded.
You feel sick.
You are no longer poisoned.
You shoot an arrow. The arrow barely misses Edmund.
You shoot an arrow.
The arrow hits Edmund but does no damage.
Edmund is lightly wounded.
You shoot an arrow. The arrow hits Edmund.
Edmund is lightly wounded.
Edmund hits you with a +4 flail of protection.
Edmund hits you with a +4 flail of protection!
You shoot an arrow. The arrow hits Edmund.
Edmund is lightly wounded.
Edmund hits you with a +4 flail of protection!
3417 ||| READING 5 scrolls of teleportation.
As you read the scroll of teleportation, it crumbles to dust.
You feel strangely unstable.
Edmund hits you with a +4 flail of protection!
You die...

#.........
..........
#........#
#.........
#.........
#........#
#.@......#
#.@.<....#
#).......#
####.#####
.# . ##


You could see Edmund.

Vanquished Creatures
  Sigmund (D:4)
  Menkaure (D:4)
  Natasha (D:1)
  2 orc wizards (D:3)
  3 adders
  2 worms
  3 dart slugs (D:1)
  5 orcs
  8 ball pythons
  3 endoplasms
  3 giant cockroaches
  4 goblins (D:3)
  4 hobgoblins
  3 jackals (D:2)
  6 quokkas
  8 bats
  5 frilled lizards
  7 kobolds
  4 rats
73 creatures vanquished.

Notes
Turn   | Place    | Note
-------+----------+-------------------------------------------
     0 | D:1      | qw the Minotaur Hunter began the quest for the Orb.
     0 | D:1      | Reached XP level 1. HP: 18/18 MP: 0/0
     0 | D:1      | 0 ||| qw: Version: 0.2-a-117-gc6b5c8b
     0 | D:1      | 0 ||| qw: Game counter: 2528
     0 | D:1      | 0 ||| qw: Always use a shield: true
     0 | D:1      | 0 ||| qw: God list: Okawaru
     0 | D:1      | 0 ||| qw: Allow faded altars: false
     0 | D:1      | 0 ||| qw: Do Orc after D:15 true
     0 | D:1      | 0 ||| qw: Do second Lair branch before Depths: true
     0 | D:1      | 0 ||| qw: Lair rune preference: random
     0 | D:1      | 0 ||| qw: Plans: Normal
     0 | D:1      | 0 ||| PLANNING D:1-11
   172 | D:1      | Reached XP level 2. HP: 25/25 MP: 1/1
   198 | D:1      | Reached skill level 5 in Ranged Weapons
   247 | D:1      | Reached skill level 3 in Fighting
   752 | D:1      | Reached XP level 3. HP: 30/31 MP: 2/2
   768 | D:1      | 768 ||| READING scroll labelled TUROME KAZU.
   769 | D:1      | 769 ||| READING scroll labelled QAEH SITISKAKK.
   774 | D:1      | 774 ||| READING scroll labelled MESAPECATI.
   775 | D:1      | 775 ||| DROPPING scroll of butterflies.
   865 | D:2      | Noticed Natasha
   866 | D:2      | 866 ||| FLEEEEING.
   867 | D:2      | 867 ||| FLEEEEING.
   871 | D:2      | 871 ||| STAIRDANCE
   946 | D:1      | 946 ||| UPGRADING to +0 ring mail.
   956 | D:1      | 956 ||| DROPPING +0 leather armour.
   961 | D:2      | 961 ||| STAIRDANCE
   991 | D:2      | 991 ||| STAIRDANCE
  1027 | D:2      | 1027 ||| STAIRDANCE
  1035 | D:1      | Reached skill level 1 in Armour
  1118 | D:2      | 1118 ||| STAIRDANCE
  1125 | D:1      | Killed Natasha
  1126 | D:1      | Reached skill level 6 in Ranged Weapons
  1126 | D:1      | Reached XP level 4. HP: 35/38 MP: 3/3
  1330 | D:2      | HP: 8/38 [poisoned by an adder]
  1335 | D:2      | HP: 4/38 [poisoned by an adder]
  1507 | D:2      | Found Ossassoask's Weapon Shop.
  1727 | D:2      | 1727 ||| READING scroll labelled KOHIEM MIFF.
  1728 | D:2      | 1728 ||| READING 2 scrolls labelled NYEWOE CAHIFOX.
  1729 | D:2      | 1729 ||| READING scroll labelled ETEULLI VEKAG.
  1730 | D:2      | 1730 ||| READING scroll labelled PEEKOOSTRAE.
  1784 | D:3      | Found a faded altar of an unknown god.
  2125 | D:3      | Found a shimmering blue altar of Sif Muna.
  2223 | D:3      | Found a glowing silver altar of Zin.
  2437 | D:3      | 2437 ||| UPGRADING to +0 pair of gloves.
  2442 | D:3      | 2442 ||| READING scroll labelled PAT RECLIAG.
  2443 | D:3      | 2443 ||| DRINKING 3 fuming green potions.
  2485 | D:4      | Noticed Sigmund
  2496 | D:4      | HP: 10/40 [Sigmund/+0 scythe (9)]
  2497 | D:4      | 2497 ||| DRINKING 2 potions of heal wounds.
  2508 | D:4      | Killed Sigmund
  2509 | D:4      | Reached skill level 7 in Ranged Weapons
  2509 | D:4      | Reached XP level 5. HP: 19/46 MP: 4/4
  2509 | D:4      | Reached XP level 6. HP: 21/52 MP: 5/5
  2630 | D:4      | Found a sacrificial altar of Ru.
  2631 | D:4      | 2631 ||| Stepping ~*~*~tactically~*~*~ (outnumbered).
  2646 | D:4      | 2646 ||| FLEEEEING.
  2650 | D:4      | 2650 ||| FLEEEEING.
  2655 | D:4      | 2655 ||| FLEEEEING.
  2656 | D:4      | 2656 ||| FLEEEEING.
  2657 | D:4      | 2657 ||| FLEEEEING.
  2658 | D:4      | 2658 ||| FLEEEEING.
  2659 | D:4      | 2659 ||| FLEEEEING.
  2660 | D:4      | 2660 ||| STAIRDANCE
  2728 | D:4      | 2728 ||| STAIRDANCE
  2792 | D:4      | 2792 ||| STAIRDANCE
  2895 | D:4      | Found Neekaacwipn's Jewellery Shoppe.
  2899 | D:4      | Noticed Menkaure
  2900 | D:4      | 2900 ||| SHOPLISTING +4 ring of protection (396 gold, have
                  | 110).
  2900 | D:4      | 2900 ||| SHOPLISTING +6 ring of strength (396 gold, have
                  | 110).
  2900 | D:4      | 2900 ||| SHOPLISTING amulet of regeneration (330 gold, have
                  | 110).
  2900 | D:4      | 2900 ||| SHOPLISTING ring of poison resistance (220 gold,
                  | have 110).
  2900 | D:4      | 2900 ||| SHOPLISTING ring of protection from fire (275
                  | gold, have 110).
  2900 | D:4      | 2900 ||| SHOPLISTING ring of willpower (275 gold, have
                  | 110).
  2903 | D:4      | 2903 ||| FLEEEEING.
  2904 | D:4      | 2904 ||| FLEEEEING.
  2905 | D:4      | 2905 ||| FLEEEEING.
  2906 | D:4      | 2906 ||| FLEEEEING.
  2911 | D:4      | 2911 ||| STAIRDANCE
  3035 | D:4      | 3035 ||| STAIRDANCE
  3127 | D:4      | 3127 ||| STAIRDANCE
  3270 | D:4      | Killed Menkaure
  3271 | D:4      | Reached skill level 8 in Ranged Weapons
  3391 | D:4      | Noticed a water moccasin
  3405 | D:4      | HP: 13/52 [poisoned by a water moccasin]
  3406 | D:4      | 3406 ||| READING 6 scrolls of teleportation.
  3407 | D:4      | 3407 ||| DRINKING potion of heal wounds.
  3408 | D:4      | Noticed Edmund
  3416 | D:4      | HP: 5/52 [Edmund/+4 flail of protection (10)]
  3417 | D:4      | 3417 ||| READING 5 scrolls of teleportation.
  3417 | D:4      | Slain by Edmund

Levels and vault maps discovered:
D:1:      psy_arrival_radial02, layout_loops_corners, minmay_misc_feat_plants
D:2:      layout_rooms, serial_shops, shop, uniq_natasha
D:3:      layout_basic, zin_statuary, nicolae_overflow_crystal_walls,
          shapermc_ecumenical_altar_mp_ritualfount
D:4:      layout_rooms, nicolae_ru_awakened_eye, serial_shops, shop,
          uniq_sigmund, uniq_menkaure, uniq_edmund

Skill      XL: |  1  2  3  4  5  6 |
---------------+-------------------+-----
Ranged Weapons | 5 6 7 8 |  8.3
Fighting       | 3 4 |  4.1
Armour         | 1 |  1.1
Dodging        | |  2.1
Stealth        | |  0.7

Action                     |  1- 3 |  4- 6 || total
---------------------------+-------+-------++-------
   Fire: Shortbow          |   105 |   166 ||   271
    Use: Scroll            |     3 |     7 ||    10
         Potion            |       |     3 ||     3
 Armour: Leather armour    |    16 |       ||    16
         Ring mail         |     6 |    41 ||    47
  Dodge: Dodged            |    37 |    42 ||    79

Table legend:
 A = Non-vault XP
 B = Vault XP
 C = Vault XP percentage of total XP
 D = Non-vault monster count
 E = Vault monster count
 F = Vault count percentage of total count
                 A         B        C        D         E       F
            +---------+---------+-------+---------+---------+-------
      Total |     216 |     447 |  67.4 |      70 |       3 |   4.1
            +---------+---------+-------+---------+---------+-------
        D:1 |      57 |      35 |  38.0 |      25 |       1 |   3.8
        D:2 |      55 |       0 |   0.0 |      17 |       0 |   0.0
        D:3 |      87 |       0 |   0.0 |      21 |       0 |   0.0
        D:4 |      17 |     412 |  96.0 |       7 |       2 |  22.2
            +---------+---------+-------+---------+---------+-------
